 Dungeon Crawl Stone Soup version 0.28-a0-1404-g4df0f3684d (webtiles) character file.

Game seed: 6007493289485870848

21 siradein the Cudgeller (level 3, 0/29 HPs)
             Began as a Human Cinder Acolyte on Jan 6, 2022.
             Was a High Priest of Ignis.
             Succumbed to an adder's poison
             ... on level 2 of the Dungeon.
             The game lasted 00:04:00 (1075 turns).

siradein the Cudgeller (Human Cinder Acolyte)       Turns: 1075, Time: 00:04:00

Health: 0/29       AC:  6    Str: 16    XL:     3   Next: 2%
Magic:  5/5        EV: 11    Int: 14    God:    Ignis [*****.]
Gold:   57         SH:  0    Dex:  8    Spells: 4/4 levels left

rFire   + . .      SeeInvis .   a - -1 mace (flame)
rCold   . . .      Faith    .   (no shield)
rNeg    . . .      Spirit   .   b - +0 robe
rPois   .          Reflect  .   (no helmet)
rElec   .          Harm     .   (no cloak)
rCorr   .          Rampage  .   (no gloves)
Will    .....                   (no boots)
Stlth   +.........              (no amulet)
HPRegen 0.09/turn               e - +4 ring of protection
MPRegen 0.09/turn               (no ring)

@: lethally poisoned (0 -> -6)
A: no striking features
a: Renounce Religion, Fiery Armour, Foxfire Swarm, Rising Flame


You were on level 2 of the Dungeon.
You worshipped Ignis.
Ignis was extremely pleased with you.
You visited 1 branch of the dungeon, and saw 2 of its levels.

You collected 57 gold pieces.

Inventory:

Hand Weapons
 a - a -1 mace of flaming (weapon)
Armour
 b - a +0 robe (worn)
Jewellery
 e - a +4 ring of protection (left hand)
Scrolls
 d - a scroll of blinking {unknown}
 f - a scroll of acquirement {unknown}
 g - a scroll of enchant armour {unknown}
Potions
 c - a potion of magic {unknown}
 h - a potion of brilliance {unknown}
 i - a potion of flight {unknown}


   Skills:
 + Level 3.2 Fighting
 + Level 3.2 Maces & Flails
 + Level 1.4 Spellcasting
 + Level 3.2 Fire Magic


You had 4 spell levels left.
You didn't know any spells.
Your spell library contained the following spells:

 Spells                   Type           Power      Damage    Failure   Level
 Scorch                   Fire           20%        2d6       10%         2


Dungeon Overview and Level Annotations

Branches:
Dungeon (1/15)

Altars:

Shops:
D:1 ?


Message History

You are too injured to fight recklessly!
You are too injured to fight recklessly!
You are too injured to fight recklessly!
You are too injured to fight recklessly!
You feel very sick.
You feel sick. The giant cockroach barely misses you.
* * * LOW HITPOINT WARNING * * *
You feel sick.
You feel sick.
You feel sick. The adder bites you but does no damage.
You feel sick.
You closely miss the adder.
The adder is severely wounded.
You feel sick. The adder closely misses you.
You completely miss the adder.
The adder is severely wounded.
* * * LOW HITPOINT WARNING * * *
You feel sick.
You are no longer poisoned.
The adder barely misses you.
The giant cockroach splashes around in the water.
The adder bites you but does no damage.
You open the door. The giant cockroach closely misses you.
The adder barely misses you. The adder bites you but does no damage.
The giant cockroach barely misses you.
There is an open door here.
The adder closely misses you. The adder bites you but does no damage.
You barely miss the adder.
The adder is severely wounded.
The adder closely misses you.
You closely miss the adder.
The adder is severely wounded.
The adder bites you.
* * * LOW HITPOINT WARNING * * *
You are lethally poisoned!
The adder poisons you! The adder closely misses you.
You barely miss the adder.
The adder is severely wounded.
You die...

#......≈≈≈≈..............
#....#.......≈≈≈≈.######+#
#.)..#.≈≈≈≈≈.≈≈≈≈........#
###....#.≈≈≈≈≈.≈≈≈≈...####.#
.........≈≈≈≈≈.≈≈≈≈.#.#
.........≈≈≈≈≈.≈≈≈≈.#.#
.........().........#.###
.........#.#.#..##'##...#
.....(...#......@SB####.#
.........#####.##### #.####
.........#####.########....#
.........+...............#.#
.........###......######.#.#
.........# #..###.##.....#.#
..... #.##.#.#.#.# ..#..#
#.##.#.#.#.# .. #..
#.##.#.#.#.#


You could see an adder and a giant cockroach.

Vanquished Creatures
  3 endoplasms
  A giant cockroach (D:2)
  2 goblins
  3 hobgoblins (D:1)
  A kobold (D:2)
  A quokka (D:2)
  A ball python (D:1)
  2 bats (D:1)
  2 frilled lizards
  3 rats
19 creatures vanquished.

Notes
Turn   | Place    | Note
-------+----------+-------------------------------------------
     0 | D:1      | siradein the Human Cinder Acolyte began the quest for the
                  | Orb.
     0 | D:1      | Reached XP level 1. HP: 18/18 MP: 2/2
   414 | D:1      | Reached XP level 2. HP: 24/24 MP: 3/3
   651 | D:1      | Found Koijucvo's Magic Scroll Boutique.
   653 | D:1      | You fall into a shaft and drop 1 floor!
   994 | D:2      | Reached XP level 3. HP: 29/29 MP: 5/5
  1075 | D:2      | Succumbed to an adder's poison

Illustrated notes

Levels and vault maps discovered:
D:1:      minmay_arrival_jagged, layout_basic, serial_shops, shop, shop,
          chequers_serial_rivers_small_3, minmay_misc_feat_rugged
D:2:      layout_basic, minivault_14, minmay_pentomino_s4

Action                   || total
-------------------------++-------
Melee: Mace              ||    69
Armor: Robe              ||    27
Dodge: Dodged            ||    47

Table legend: (Time is in decaauts)
 A = Elapsed time spent in this place.
 B = Non-inter-level travel time spent in this place.
 C = Inter-level travel time spent in this place.
 D = Time resting spent in this place.
 E = Time spent auto-exploring this place.
 F = Levels seen in this place.
 G = Mean time per level.
                   A        B        C        D        E       F      G
               +--------+--------+--------+--------+--------+-----+--------+
         Total |   1093 |   1093 |      0 |      0 |    905 |   2 |  546.5 |
       Dungeon |   1093 |   1093 |      0 |      0 |    905 |   2 |  546.5 |
               +--------+--------+--------+--------+--------+-----+--------+

Top non-repeatable levels by time:
     D:1: 664 daAuts
     D:2: 428 daAuts
